 Dungeon Crawl Stone Soup version 0.25.0-3-gd7cc5688da (webtiles) character file.

Game seed: 3932659737706238649

22710 Dirian the Fencer (level 12, 0/142 HPs)
             Began as a Minotaur Fighter on June 15, 2020.
             Was a High Priest of Hepliaklqana.
             Succumbed to a redback's poison
             ... on level 13 of the Dungeon.
             The game lasted 00:35:21 (13617 turns).

Dirian the Fencer (Minotaur Fighter)               Turns: 13617, Time: 00:35:22

Health: 0/142      AC: 26    Str: 27    XL:     12   Next: 65%
Magic:  16/16      EV:  2    Int:  5    God:    Hepliaklqana [*****.]
Gold:   655        SH: 12    Dex:  9    Spells: 11/11 levels left

rFire    . . .     SeeInvis .   s - +1 long sword (drain)
rCold    . . .     Gourm    .   c - +0 kite shield
rNeg     + + +     Faith    +   (armour currently unavailable)
rPois    +         Spirit   .   (helmet currently unavailable)
rElec    .         Reflect  .   (cloak currently unavailable)
rCorr    +         Harm     .   (gloves currently unavailable)
MR       .....     NoTele   +   (boots currently unavailable)
Stlth    +.........             g - amulet of faith
HPRegen  0.33/turn              l - ring of positive energy
MPRegen  0.15/turn              t - ring of resist corrosion

@: lethally poisoned (0 -> -11), tree-form
A: (retaliatory headbutt), reduced essence
a: Recall Ancestor, Ancestor Identity, Transference, Idealise, Renounce Religion


You were on level 13 of the Dungeon.
You worshipped Hepliaklqana.
Hepliaklqana was extremely pleased with you.
You were not hungry.
You were a tree.
You visited 1 branch of the dungeon, and saw 15 of its levels.

You collected 795 gold pieces.
You spent 140 gold pieces at shops.

Inventory:

Hand Weapons
 a - a +0 long sword
 s - a +1 long sword of draining (weapon)
Armour
 b - a +0 plate armour (melded)
 c - a +0 kite shield (worn)
 f - a +0 chain mail
 m - a +1 cloak (melded)
 p - a +1 pair of gloves (melded)
Jewellery
 g - an amulet of faith (around neck)
 j - an uncursed ring of ice
 l - a ring of positive energy (left branch)
 t - a ring of resist corrosion (right branch)
 E - the ring "Qemif" {*Tele rPois rC+}
   (You found it on level 15 of the Dungeon)

   [ring of teleportation]

   It may teleport you next to monsters.
   It protects you from cold.
   It protects you from poison.
Wands
 o - a wand of clouds (2)
 u - a wand of flame (27)
 y - a wand of random effects (19)
 A - a wand of disintegration (14)
 B - a wand of paralysis (16)
 C - a wand of polymorph (6)
Scrolls
 i - 3 scrolls of fear
 n - 3 scrolls of magic mapping
 r - 5 scrolls of identify
 x - 6 scrolls of remove curse
 z - a scroll of blinking
Potions
 d - 2 potions of cancellation
 h - 4 potions of haste
 k - a potion of invisibility
 q - 5 potions of curing
 v - 2 potions of flight
 D - 2 potions of lignification
 G - a potion of degeneration {unknown}
Comestibles
 e - 21 rations
 F - 6 chunks of flesh


   Skills:
 + Level 9.8 Fighting
 - Level 16.0 Long Blades
 + Level 11.4 Armour
 + Level 10.9 Shields
 * Level 6.7 Invocations
 + Level 0.4 Evocations


You had 11 spell levels left.
You didn't know any spells.
Your spell library was empty.

Dungeon Overview and Level Annotations

Branches:
Dungeon (15/15)            Temple (0/1) D:4            Lair (0/6) D:11
    Orc: D:9-12      Vaults: D:13-14     Depths: D:15

Altars:
Cheibriados
Dithmenos
Fedhas
Gozag
Hepliaklqana
Nemelex Xobeh
Okawaru
Qazlal
Ru
Sif Muna
Vehumet
Wu Jian
Yredelemnul
Zin

Shops:
D:15 !


Innate Abilities, Weirdness & Mutations

((You reflexively headbutt those who attack you in melee.))
((You have a pair of horns on your head.))
Your life essence is reduced to manifest your ancestor. (-10% HP)


Message History

The deep elf mage mumbles some strange words.
The deep elf mage blinks!
You barely miss the neqoxec.
The neqoxec is heavily wounded.
* * * LOW HITPOINT WARNING * * *
You feel sick.
The sixfirhy hits Coin.
The sixfirhy shocks Coin!
You block the red devil's attack.
Coin hits the sixfirhy with a +0 flail!
The neqoxec gestures at you.
Something tries to feed on your intellect!
You barely miss the neqoxec.
The neqoxec is heavily wounded.
* * * LOW HITPOINT WARNING * * *
You feel sick.
The red devil hits you but does no damage.
The neqoxec gestures at you.
Something tries to feed on your intellect!
Coin barely misses the sixfirhy.
You closely miss the neqoxec.
The neqoxec is heavily wounded.
You die...

#.....####.#
#......##..###### #
#...............#..
.......#...........?#
.#....##..()........#
................^...#
...........43e...)..#
...#...#.3)R........#
#........♣..........#
.........############
.....#.# .)...## ....
... ...


You could see the friendly Coin the knight, a deep elf mage, a sixfirhy
(summoned), a neqoxec (summoned) and a red devil (summoned).

Vanquished Creatures
  A great orb of eyes (D:15)
  A vault guard (D:15)
  A hydra (D:11)
  A centaur warrior (D:15)
  A two-headed ogre (D:9)
  2 deep elf magi
  2 cyclopes
  2 manticores
  An ugly thing (D:11)
  Maggie (D:7)
  A centaur skeleton (D:10)
  4 trolls
  A meliai (shapeshifter) (D:11)
  Prince Ribbit (D:5)
  A hornet (D:11)
  5 slime creatures
  A raiju (shapeshifter) (D:15)
  3 hippogriffs
  A shadow (D:11)
  A wraith (D:11)
  2 yaks (D:8)
  A vampire (D:15)
  2 wyverns
  A hungry ghost (D:11)
  A soldier ant (D:11)
  A floating eye (D:15)
  3 orc warriors
  2 ice beasts
  7 sky beasts
  A hornet zombie (D:11)
  A black bear (D:10)
  A necrophage (D:9)
  2 phantoms
  4 ogres
  Duvessa (D:7)
  5 wolves (D:11)
  5 centaurs
  5 bullfrogs
  A big kobold (D:9)
  3 scorpions
  5 jellies
  3 killer bees (D:11)
  3 wights (D:13)
  4 howler monkeys
  An electric eel (D:11)
  A bullfrog zombie (D:7)
  5 crimson imps
  6 hounds
  A wyvern simulacrum (D:15)
  A centaur zombie (D:7)
  6 orc priests
  7 orc wizards
  A bullfrog skeleton (D:7)
  A gnoll shaman (D:4)
  5 iguanas
  Ijyb (D:3)
  5 worker ants
  A worker ant zombie (D:11)
  Robin (D:2)
  A howler monkey skeleton (D:8)
  10 gnolls
  7 adders
  A shadow imp (D:6)
  An ooze (D:3)
  6 worms
  3 dart slugs
  4 leopard geckos
  36 orcs
  6 bats
  3 giant cockroaches
  10 goblins
  3 hobgoblins (D:2)
  3 jackals (D:4)
  4 quokkas
  3 ball pythons
  A frilled lizard (D:1)
  14 kobolds
  A leopard gecko skeleton (D:5)
  A quokka skeleton (D:4)
  9 rats
266 creatures vanquished.

Vanquished Creatures (collateral kills)
  A rakshasa (D:15)
  A vault guard (D:15)
  A deep troll earth mage (D:15)
  Sonja (D:12)
  A cyclops (D:12)
  A manticore (D:15)
  Joseph (D:8)
  A kobold demonologist (D:12)
  A troll (D:11)
  2 hippogriffs
  A yak (D:8)
  A sky beast (D:11)
  2 ogres
  2 orc warriors
  2 necrophages
  A centaur (D:8)
  3 bullfrogs
  Dowan (D:7)
  3 killer bees (D:7)
  A hound (D:11)
  A jelly (D:5)
  2 orc priests
  5 orc wizards
  An iguana (D:10)
  3 worker ants
  A hound zombie (D:11)
  A hound skeleton (D:11)
  3 gnolls
  An adder (D:4)
  10 orcs
  A ball python (D:6)
  2 goblins (D:8)
  A jackal (D:4)
  4 kobolds
64 creatures vanquished.

Vanquished Creatures (others)
  4 knights
  2 ancestors
6 creatures vanquished.

Grand Total: 336 creatures vanquished

Notes
Turn   | Place    | Note
-------+----------+-------------------------------------------
     0 | D:1      | Dirian the Minotaur Fighter began the quest for the Orb.
     0 | D:1      | Reached XP level 1. HP: 19/19 MP: 0/0
   297 | D:1      | Reached XP level 2. HP: 23/27 MP: 1/1
   879 | D:2      | Reached skill level 3 in Long Blades
  1118 | D:2      | Noticed Robin
  1148 | D:2      | Reached XP level 3. HP: 30/33 MP: 2/2
  1162 | D:2      | Killed Robin
  1545 | D:2      | Found a stormy altar of Qazlal.
  1711 | D:2      | Found a faded altar of an unknown god.
  1861 | D:2      | Reached XP level 4. HP: 29/40 MP: 3/3
  2056 | D:1      | Reached skill level 4 in Long Blades
  2246 | D:2      | Found a glowing silver altar of Zin.
  2598 | D:3      | Noticed Ijyb
  2608 | D:3      | Reached XP level 5. HP: 42/46 MP: 4/4
  2614 | D:3      | Killed Ijyb
  2760 | D:3      | Reached skill level 5 in Long Blades
  2785 | D:3      | Found a sacrificial altar of Ru.
  3114 | D:2      | Became a worshipper of Hepliaklqana the Forgotten
  3114 | D:2      | Reached * piety under Hepliaklqana
  3208 | D:4      | Reached skill level 5 in Armour
  3281 | D:4      | Reached XP level 6. HP: 35/47 MP: 5/5
  3344 | D:4      | Reached skill level 6 in Long Blades
  3594 | D:4      | Reached skill level 7 in Long Blades
  3594 | D:4      | Reached XP level 7. HP: 54/54 MP: 6/6
  3674 | D:4      | Found an opulent altar of Gozag.
  3753 | D:4      | Found a staircase to the Ecumenical Temple.
  3828 | D:4      | Reached skill level 5 in Fighting
  4179 | D:5      | Entered Level 5 of the Dungeon
  4336 | D:5      | Reached skill level 5 in Shields
  4340 | D:5      | Noticed Prince Ribbit
  4406 | D:5      | Killed Prince Ribbit
  4406 | D:5      | Reached skill level 8 in Long Blades
  4541 | D:5      | Reached ** piety under Hepliaklqana
  4542 | D:5      | Remembered your ancestor Coin as a knight
  4721 | D:5      | Reached XP level 8. HP: 46/61 MP: 7/7
  4818 | D:5      | Reached skill level 9 in Long Blades
  5186 | D:5      | Found a basalt altar of Yredelemnul.
  5188 | D:5      | Found a radiant altar of Vehumet.
  5192 | D:5      | Found a snail-covered altar of Cheibriados.
  5193 | D:5      | Found an ornate altar of the Wu Jian Council.
  5193 | D:5      | Found a blossoming altar of Fedhas.
  5197 | D:5      | Found a shadowy altar of Dithmenos.
  6282 | D:6      | Reached *** piety under Hepliaklqana
  6455 | D:6      | Reached skill level 10 in Long Blades
  6790 | D:6      | Found a shimmering blue altar of Sif Muna.
  7117 | D:7      | Noticed Maggie
  7133 | D:7      | HP: 3/63 [Maggie/bolt of fire (19)]
  7140 | D:7      | Killed Maggie
  7140 | D:7      | Reached skill level 11 in Long Blades
  7140 | D:7      | Reached XP level 9. HP: 12/67 MP: 8/8
  7733 | D:7      | Reached skill level 12 in Long Blades
  7975 | D:7      | Noticed Dowan
  7976 | D:7      | Noticed Duvessa
  7985 | D:7      | Killed Duvessa
  8001 | D:7      | Killed Dowan
  8238 | D:7      | Reached **** piety under Hepliaklqana
  8543 | D:8      | Found a sparkling altar of Nemelex Xobeh.
  8545 | D:8      | Noticed Joseph
  8561 | D:8      | Killed Joseph
  8561 | D:8      | Reached skill level 1 in Invocations
  8663 | D:8      | Reached XP level 10. HP: 77/77 MP: 8/10
  8725 | D:8      | Reached skill level 13 in Long Blades
  8729 | D:8      | Noticed a deep elf mage
  8740 | D:8      | Killed a deep elf mage
  9086 | D:8      | Found an iron altar of Okawaru.
  9611 | D:9      | Noticed a two-headed ogre
  9621 | D:9      | Killed a two-headed ogre
  9876 | D:9      | Reached skill level 14 in Long Blades
  9937 | D:10     | Entered Level 10 of the Dungeon
 10130 | D:10     | Reached ***** piety under Hepliaklqana
 10194 | D:10     | Reached XP level 11. HP: 83/83 MP: 12/12
 10919 | D:11     | Found a staircase to the Lair.
 11064 | D:11     | Noticed a five-headed hydra
 11079 | D:11     | Killed a seven-headed hydra
 11079 | D:11     | Reached skill level 15 in Long Blades
 11088 | D:11     | Reached skill level 10 in Armour
 11091 | D:11     | Reached skill level 5 in Invocations
 11791 | D:11     | Noticed a cyan ugly thing
 11805 | D:11     | Killed a cyan ugly thing
 12174 | D:12     | Noticed Sonja
 12188 | D:12     | Noticed a soul eater
 12215 | D:12     | Noticed a sun demon
 12257 | D:12     | Killed Sonja
 12257 | D:12     | Reached XP level 12. HP: 55/93 MP: 15/15
 12379 | D:12     | Reached skill level 10 in Shields
 12466 | D:12     | You fall into a shaft and drop 3 floors!
 12466 | D:15     | Entered Level 15 of the Dungeon
 12466 | D:15     | Noticed a vault guard
 12467 | D:15     | Noticed a great orb of eyes
 12482 | D:15     | Paralysed by a great orb of eyes for 6 turns
 12495 | D:15     | Killed a great orb of eyes
 12500 | D:15     | Killed a vault guard
 12776 | D:15     | Noticed a rakshasa
 12778 | D:15     | Noticed a centaur warrior
 12806 | D:15     | Killed a rakshasa
 12812 | D:15     | Killed a centaur warrior
 12831 | D:15     | Got an ancient ivory ring
 12835 | D:15     | Identified the ring "Qemif" {*Tele rPois rC+} (You found it
                  | on level 15 of the Dungeon)
 13125 | D:15     | Found Uguostud's Distillery.
 13142 | D:15     | Bought a potion of haste for 140 gold pieces
 13145 | D:15     | Noticed a vault guard
 13158 | D:15     | Killed a vault guard
 13161 | D:15     | Paralysed by a floating eye for 3 turns
 13169 | D:15     | Paralysed by a floating eye for 4 turns
 13220 | D:15     | Noticed a deep troll earth mage
 13229 | D:15     | Killed a deep troll earth mage
 13375 | D:15     | Reached skill level 16 in Long Blades
 13606 | D:13     | HP: 2/95 [redback[a deep elf mage] (11)]
 13612 | D:13     | HP: 7/142 [poisoned by a redback]
 13614 | D:13     | HP: 3/142 [poisoned by a redback]
 13615 | D:13     | HP: 1/142 [poisoned by a redback]
 13617 | D:13     | Succumbed to a redback's poison

Illustrated notes

Levels and vault maps discovered:
D:1:      ncdulo_lavacross, layout_basic
D:2:      layout_loops_ring, lemuel_crystal_altar, grunt_qazlal_clouds,
          chequers_ecumenical_altar_simple_redux, minmay_hedge_maze, uniq_robin
D:3:      layout_rooms, nicolae_ru_great_annihilating_truth, uniq_ijyb
D:4:      layout_loops_ring, lemuel_crystal_altar,
          minmay_temple_entry_sparse_star, first_ration
D:5:      layout_layer_cave, minitemple, uniq_prince_ribbit1
D:6:      layout_gridville, led_sif_book
D:7:      layout_loops_corners, uniq_maggie, uniq_duvessa
D:8:      layout_rooms, okawaru_altar_gauntlet_db,
          nemelex_xobeh_ov_fountains_minmay, uniq_joseph
D:9:      layout_gridville
D:10:     layout_rooms
D:11:     minmay_slanted_spiral_squares, layout_gridville, erik_lair_island
D:12:     layout_basic, orc_david_3, basic_altar, uniq_sonja
D:13:     layout_rooms, david_vaults_5, hangedman_stone_soup, grunt_decor_cap
D:14:     layout_cave_pods, serial_shops, shop, tso_metal_star, serial_bayou,
          serial_bayou_lagoon_a, serial_bayou_crossing, serial_bayou_shore_a,
          serial_bayou_pond_b, uniq_roxanne, uniq_louise
D:15:     hangedman_spin_cycle

Skill      XL: |  1  2  3  4  5  6  7  8  9 10 11 12 |
---------------+-------------------------------------+-----
Long Blades    | 3 4 5 7 8 11 12 14 15 16 | 16.0
Shields        | 4 5 6 8 9 10 | 10.9
Fighting       | 4 5 6 7 9 |  9.8
Armour         | 4 5 7 8 9 10 11 | 11.4
Invocations    | 1 3 5 6 |  6.7
Evocations     | |  0.4

Action                   |  1- 3 |  4- 6 |  7- 9 | 10-12 || total
-------------------------+-------+-------+-------+-------++-------
Melee: Long sword        |   115 |   107 |   299 |   511 ||  1032
       Headbutt          |    16 |    23 |    65 |   120 ||   224
Invok: Recall Ancestor   |       |     1 |     1 |     1 ||     3
       Ancestor Identity |       |     1 |       |       ||     1
       Ancestor Life: Kn |       |       |     1 |       ||     1
Evoke: Wand              |       |       |     5 |       ||     5
  Use: Scroll            |       |     9 |     7 |     6 ||    22
       Potion            |       |       |     3 |     9 ||    12
 Stab: Paralysed         |       |     1 |       |       ||     1
       Distracted        |       |       |       |     4 ||     4
  Eat: Chunk             |     3 |     6 |     8 |    14 ||    31
       Ration            |       |       |     2 |     1 ||     3
Armor: Scale mail        |    48 |    29 |    29 |       ||   106
       Chain mail        |       |       |    84 |   199 ||   283
       Plate armour      |       |       |       |    54 ||    54
       Skin              |       |       |       |     2 ||     2
Dodge: Dodged            |    27 |    25 |    34 |    93 ||   179
Block: Kite shield       |    58 |    49 |   115 |   248 ||   470
       Rpst.: Long sword |     5 |    11 |    10 |    23 ||    49
